 Dungeon Crawl Stone Soup version 0.23-a0-449-g8e4cbf7 (webtiles) character file.

33249 Lavandula the Cruncher (level 13, -5/99 HPs)
             Began as a Naga Air Elementalist on Nov 22, 2018.
             Was a High Priest of Ru.
             Slain by a seven-headed hydra (11 damage)
             ... on level 1 of the Lair of Beasts.
             The game lasted 01:05:44 (9371 turns).

Lavandula the Cruncher (Naga Air Elementalist)      Turns: 9371, Time: 01:05:45

Health: -5/99      AC: 15    Str: 12      XL:     13   Next: 69%
Magic:  22/22      EV:  9    Int: 18 (19) God:    Ru [*****.]
Gold:   201        SH:  0    Dex: 11 (12) Spells: 0/25 levels left

rFire    + . .     SeeInvis +   y - +4 quarterstaff (chaos)
rCold    + . .     Gourm    .   (shield currently unavailable)
rNeg     . . .     Faith    .   I - +2 robe {rC+ rF+}
rPois    +         Spirit   .   (helmet restricted)
rElec    .         Reflect  .   A - +1 cloak {+Inv}
rCorr    .         Harm     .   L - +3 pair of gauntlets of War {Slay+5}
MR       ++...                  (no barding)
Stlth    ++........             (no amulet)
HPRegen  0.26/turn              h - ring of protection from magic
MPRegen  0.18/turn              B - ring of protection from fire

@: exhausted, very slightly contaminated, very heavily drained, invisible, very
slow
A: large, beak, iridescent scales 1, see invisible, cold resistance 1, deformed
body, deterioration 1, frail 1, poison resistance, slowness 2, slow metabolism
1, spit poison 1, disrupted magic 1, unskilled 1, constrict 1, temperature
sensitive, AC +4
a: Spit Poison, Sacrifice an Eye, Sacrifice Drink, Sacrifice Health, Reject
Sacrifices, Draw Out Power, Power Leap, Apocalypse, Renounce Religion


You were on level 1 of the Lair of Beasts.
You worshipped Ru.
Ru was extremely pleased with you.
You were hungry.

You visited 4 branches of the dungeon, and saw 18 of its levels.
You also visited: Labyrinth.

You collected 1375 gold pieces.
You spent 1174 gold pieces at shops.

Inventory:

Hand Weapons
 d - a +4 blowgun
 y - a +4 quarterstaff of chaos (weapon)
 C - a +4 trident
 F - the +5 flail "Evairul" {crush, rPois}
   (You took it off a kobold on level 10 of the Dungeon)

   It inflicts extra damage upon your enemies.
   It protects you from poison.
 G - the +3 battleaxe "Cuwkeux" {freeze, *Corrode +Blink rN+}
   (You found it in a labyrinth)

   It has been specially enchanted to freeze those struck by it, causing extra
   injury to most foes and up to half again as much damage against particularly
   susceptible opponents.
   It can also slow down cold-blooded creatures.
   It protects you from negative energy.
   It lets you blink.
   It may corrode you when you take damage.
 H - a +2 broad axe of venom
Missiles
 z - a throwing net (quivered)
 D - 10 silver javelins
Armour
 q - a +0 helmet
 A - a +1 cloak of invisibility (worn)
 I - a +2 robe of resistance (worn)
 J - a +2 shield of protection
 L - the +3 pair of gauntlets of War (worn) {Slay+5}
   (You found it on level 13 of the Dungeon)

   It affects your accuracy and damage with ranged weapons and melee attacks
   (+5).
Magical Staves
 K - an uncursed staff of conjuration
Jewellery
 h - a ring of protection from magic (left hand)
 p - an uncursed ring of flight
 r - an uncursed ring of protection from magic
 B - a ring of protection from fire (right hand)
Wands
 o - a wand of flame (62)
 E - a wand of iceblast (7)
Scrolls
 a - 2 scrolls of blinking
 e - 2 scrolls of remove curse
 f - 2 scrolls of teleportation
 i - a scroll of vulnerability
 k - 5 scrolls of amnesia
 m - 3 scrolls of immolation
 M - a scroll of identify
Potions
 b - 2 potions of curing
 g - 2 potions of ambrosia {unknown}
 j - 2 potions of agility
 l - a potion of might
 s - a potion of berserk rage {unknown}
 w - 4 potions of brilliance {unknown}
 x - 4 potions of flight
Miscellaneous
 t - a phial of floods (inert)
Comestibles
 c - 13 rations


   Skills:
 - Level 5.4(2.2) Fighting
 - Level 12.3(8.5) Staves
 - Level 3.6(0.6) Dodging
 - Level 4.9(1.7) Stealth
 - Level 6.5(3.2) Spellcasting
 - Level 5.5(2.3) Conjurations
 + Level 4.4(1.3) Summonings
 - Level 8.8(5.3) Transmutations
 - Level 7.2(3.8) Air Magic
 - Level 4.6(1.5) Evocations


You couldn't memorise any spells.
You knew the following spells:

 Your Spells              Type           Power        Failure   Level  Hunger
a - Shock                 Conj/Air       ##..         7%          1    None
b - Swiftness             Chrm/Air       #.......     16%         2    ##.....
c - Static Discharge      Conj/Air       ##......     19%         3    ###....
d - Airstrike             Air            ###.......   41%         4    ####...
e - Irradiate             Conj/Tmut      ###.......   73%         5    ######.
f - Summon Lightning Spi  Summ/Air       ##......     56%         4    ####...
g - Deflect Missiles      Chrm/Air       #.........   100%        6    #######

Your spell library contained the following spells:

 Spells                   Type           Power        Failure   Level  Hunger
 Ignite Poison            Fire/Tmut/Pois #.......     30%         3    ###....
 Sublimation of Blood     Necr           #.........   32%         2    ##.....
 Ice Form                 Ice/Tmut       ##......     54%         4    ####...
 Petrify                  Tmut/Erth      ##......     54%         4    ####...
 Lightning Bolt           Conj/Air       ##........   83%         5    ######.
 Alistair's Intoxication  Tmut/Pois      ##......     87%         5    ######.
 Silence                  Hex/Air        #.........   93%         5    ######.
 Metabolic Englaciation   Hex/Ice        #.........   99%         5    ######.
 Bolt of Cold             Conj/Ice       #.........   100%        6    #######
 Conjure Ball Lightning   Conj/Air       ##........   100%        6    #######
 Freezing Cloud           Conj/Ice/Air   ##........   100%        6    #######
 Ozocubu's Refrigeration  Ice            #.........   100%        6    #######
 Simulacrum               Ice/Necr       #.........   100%        6    #######
 Tornado                  Air            ###.......   100%        9    #######


Dungeon Overview and Level Annotations

Branches:
Dungeon (13/15)            Temple (1/1) D:7            Lair (2/6) D:11
    Orc (2/2) D:10            Elf (0/3) Orc:2
  Swamp: Lair:2-4    Shoals: Lair:2-4     Snake: Lair:2-4    Spider: Lair:2-4
 Vaults: D:13-14

Altars:
Ashenzari
Cheibriados
Dithmenos
Elyvilon
Fedhas
Hepliaklqana
Kikubaaqudgha
Nemelex Xobeh
Okawaru
Qazlal
Ru
Sif Muna
Trog
Uskayaw
Vehumet
Wu Jian
Xom
Yredelemnul
Zin
The Shining One
Beogh

Shops:
D:6 !   Orc:2 *(?:

Portals:
Pandemonium: Orc:2


Innate Abilities, Weirdness & Mutations

You cannot wear boots.
Your serpentine skin is tough. (AC +4)
You have supernaturally acute eyesight. (SInv)
Armour fits poorly on your strangely shaped body.
Your system is resistant to poisons. (rPois)
You cover ground very slowly.
You have a slow metabolism.
You can spit poison.
Your casting is slightly disrupted.
You are somewhat unskilled. (-1 Apt)
You can use your snake-like lower body to constrict enemies.
You are sensitive to extremes of temperature. (rF-, rC-)
You have a beak for a mouth.
You are partially covered in iridescent scales. (AC +2)
Your flesh is cold resistant. (rC+)
Your body sometimes deteriorates upon taking damage.
You are frail. (-10% HP)


Message History

The seven-headed hydra bites you but does no damage.
The seven-headed hydra barely misses you.
The seven-headed hydra bites you.
The seven-headed hydra bites you but does no damage.
The seven-headed hydra bites you! The seven-headed hydra bites you.
* * * LOW HITPOINT WARNING * * *
You completely miss the seven-headed hydra.
The seven-headed hydra is heavily wounded.
The seven-headed hydra roars!
The seven-headed hydra bites you.
* * * LOW HITPOINT WARNING * * *
The seven-headed hydra barely misses you.
The seven-headed hydra bites you!
* * * LOW HITPOINT WARNING * * *
You focus your will and illuminate the seven-headed hydra in retribution!
The seven-headed hydra barely misses you.
The seven-headed hydra bites you.
* * * LOW HITPOINT WARNING * * *
The seven-headed hydra bites you!
You die...

#### ######.####..........
######..####.........##.........
.........##.....................
................................
#.#.......#...............D...##
..P...............(.(.÷........#
.......................##...#...
...........>.....(.....÷....##..
........#.......@............# .
..............(D.....#.......##
....)...........(...#.........#.
...####.......#.#..#####.........
#### ###.#.######## #........# .#
##### ##.......## ##
###.........# #............
##...........


You could see a seven-headed hydra.

Vanquished Creatures
  Nessos (Orc:2)
  The ghost of Ijustatesigmund the Thaumaturge, a journeyman GnWz of Cheibriados (Orc:2)
  3 hydras
  A centaur warrior (D:10)
  3 two-headed ogres (Orc:2)
  3 orc high priests (Orc:2)
  Sonja (Lair:1)
  2 sun demons (Orc:2)
  A soul eater (Orc:2)
  An infernal demonspawn (Orc:2)
  A sea snake (Orc:2)
  3 orc knights (Orc:2)
  2 deep elf magi (D:12)
  2 cyclopes (D:11)
  7 orc sorcerers (Orc:2)
  A rust devil (Orc:2)
  An orange demon (Orc:2)
  2 spiny frogs
  2 komodo dragons
  A hornet (D:11)
  Prince Ribbit (D:5)
  2 hippogriffs (D:11)
  A blink frog (Lair:1)
  A vampire (D:11)
  A ynoxinul (Orc:2)
  7 wraiths (D:9)
  9 yaks
  A wyvern (D:11)
  A human (D:8)
  A neqoxec (Orc:2)
  2 nagas (Lair:2)
  A warg (Orc:2)
  An acid dragon (D:12)
  5 water moccasins
  20 orc warriors
  3 porcupines
  An eye of draining (D:11)
  A phantom (D:7)
  A sky beast (D:11)
  A hornet zombie (D:8)
  4 black bears
  A tengu (shapeshifter) (Orc:2)
  12 ogres
  8 centaurs
  2 crocodiles (Lair:1)
  7 bullfrogs
  3 big kobolds
  Blork the orc (D:5)
  A wyvern zombie (D:9)
  6 scorpions
  A water moccasin skeleton (D:8)
  6 killer bees (D:8)
  A jelly (D:8)
  3 howler monkeys
  4 crimson imps
  2 bullfrog zombies
  2 quasits
  6 hounds
  Crazy Yiuf (D:5)
  23 orc priests
  18 orc wizards
  12 worker ants
  3 iguanas
  A worker ant zombie (D:7)
  A howler monkey zombie (D:9)
  3 gnolls (D:4)
  8 adders
  An adder skeleton (D:4)
  A dart slug (D:3)
  5 leopard geckos
  62 orcs
  3 giant cockroaches
  5 goblins
  A goblin (shapeshifter) (D:9)
  3 hobgoblins (D:3)
  10 jackals
  11 kobolds
  7 quokkas
  A ball python (D:4)
  2 bats (D:3)
  2 frilled lizards
  A jackal skeleton (D:6)
  4 rats
  A fungus (Lair:1)
  3 plants
363 creatures vanquished.

Vanquished Creatures (collateral kills)
  A minotaur (Lab)
  An orc knight (Orc:2)
  A hippogriff (Lair:1)
3 creatures vanquished.

Vanquished Creatures (others)
  A slime creature (D:12)
  A troll (D:10)
  A hippogriff (Lair:2)
  A porcupine (Lair:1)
  An orc warrior (Orc:2)
  A crocodile (D:11)
  A bullfrog (D:10)
  An orc wizard (D:10)
  4 orcs
  57 fungi (D:11)
  39 plants (D:11)
108 creatures vanquished.

Grand Total: 474 creatures vanquished

Notes
Turn   | Place    | Note
-------+----------+-------------------------------------------
     0 | D:1      | Lavandula the Naga Air Elementalist began the quest for the
                  | Orb.
     0 | D:1      | Reached XP level 1. HP: 15/15 MP: 3/3
   195 | D:1      | Reached XP level 2. HP: 22/22 MP: 2/5
   415 | D:3      | Found a faded altar of an unknown god.
   426 | D:3      | Reached XP level 3. HP: 27/28 MP: 1/7
   430 | D:3      | Learned a level 2 spell: Swiftness
   710 | D:3      | Reached XP level 4. HP: 23/36 MP: 5/8
   845 | D:3      | Learned a level 3 spell: Static Discharge
   936 | D:3      | Reached XP level 5. HP: 32/42 MP: 3/10
   959 | D:4      | Noticed an ogre
   967 | D:3      | Learned a level 4 spell: Airstrike
  1042 | D:4      | Reached skill level 5 in Air Magic
  1311 | D:5      | Entered Level 5 of the Dungeon
  1327 | D:5      | Reached XP level 6. HP: 49/49 MP: 8/11
  1353 | D:5      | Found a hazy altar of Hepliaklqana.
  1422 | D:5      | Noticed Blork the orc
  1429 | D:5      | Killed Blork the orc
  1507 | D:5      | Reached XP level 7. HP: 47/61 MP: 4/12
  1613 | D:5      | Noticed Prince Ribbit
  1639 | D:5      | Killed Prince Ribbit
  1684 | D:6      | Found Ukkamiept's Distillery.
  1689 | D:6      | Bought a potion of curing for 33 gold pieces
  1689 | D:6      | Bought a potion of mutation for 88 gold pieces
  1693 | D:6      | Reached skill level 5 in Fighting
  1733 | D:6      | Reached XP level 8. HP: 59/76 MP: 4/13
  1896 | D:5      | Found a runed door.
  1988 | D:5      | Noticed Crazy Yiuf
  1994 | D:5      | Killed Crazy Yiuf
  2264 | D:7      | Found a staircase to the Ecumenical Temple.
  2273 | Temple   | Entered the Ecumenical Temple
  2633 | D:8      | Reached skill level 1 in Staves
  2638 | D:8      | Reached skill level 2 in Staves
  2740 | D:8      | Noticed a two-headed ogre
  2923 | D:7      | Reached skill level 3 in Staves
  3009 | D:8      | Found a sacrificial altar of Ru.
  3021 | D:8      | Became a worshipper of Ru the Awakened
  3049 | D:8      | Gained mutation: Your body sometimes deteriorates upon
                  | taking damage. [potion of mutation]
  3049 | D:8      | Gained mutation: You are partially covered in iridescent
                  | scales. (AC +2) [potion of mutation]
  3049 | D:8      | Gained mutation: Your flesh is cold resistant. (rC+)
                  | [potion of mutation]
  3074 | D:8      | Reached skill level 4 in Staves
  3093 | D:8      | Reached XP level 9. HP: 51/82 MP: 3/14
  3153 | D:8      | Reached skill level 5 in Staves
  3400 | D:8      | Reached skill level 5 in Spellcasting
  3865 | D:6      | Bought a potion of heal wounds for 55 gold pieces
  3865 | D:6      | Bought a potion of degeneration for 11 gold pieces
  3866 | D:6      | Bought a potion of lignification for 33 gold pieces
  3866 | D:6      | Bought a potion of might for 44 gold pieces
  3866 | D:6      | Bought a potion of heal wounds for 55 gold pieces
  4281 | D:9      | Gained mutation: You are sensitive to extremes of
                  | temperature. (rF-, rC-) [Ru sacrifice]
  4281 | D:9      | Reached * piety under Ru
  4281 | D:9      | Reached ** piety under Ru
  4336 | D:9      | Reached skill level 6 in Staves
  4422 | D:9      | Reached XP level 10. HP: 85/91 MP: 1/20
  4452 | D:9      | Found the +5 scythe "Finisher" {speed, Str+3}
  4475 | D:9      | Reached skill level 7 in Staves
  4812 | D:10     | Entered Level 10 of the Dungeon
  4844 | D:9      | Reached skill level 8 in Staves
  5048 | D:11     | Reached skill level 5 in Stealth
  5069 | D:11     | Found a labyrinth entrance.
  5070 | D:11     | Noticed a two-headed ogre
  5074 | Lab      | Entered a labyrinth
  5253 | Lab      | Noticed a minotaur
  5275 | Lab      | Killed a minotaur
  5275 | Lab      | Reached skill level 9 in Staves
  5292 | Lab      | Got a polished battleaxe
  5307 | Lab      | Identified the +3 battleaxe "Cuwkeux" {freeze, *Corrode
                  | +Blink rN+} (You found it in a labyrinth)
  5401 | Lab      | Learned a level 5 spell: Irradiate
  5505 | D:12     | Reached skill level 10 in Staves
  5659 | D:12     | Noticed a deep elf mage
  5672 | D:12     | Killed a deep elf mage
  5672 | D:12     | Reached XP level 11. HP: 76/97 MP: 19/21
  5837 | D:13     | Found the +3 pair of gauntlets of War {Slay+5}
  5899 | D:12     | Gained mutation: Your casting is slightly disrupted. [Ru
                  | sacrifice]
  5899 | D:12     | Reached *** piety under Ru
  5918 | D:12     | Noticed a deep elf mage
  5929 | D:12     | Killed a deep elf mage
  6151 | D:10     | Reached skill level 5 in Evocations
  6216 | D:10     | Identified the +5 flail "Evairul" {crush, rPois}
  6294 | D:9      | Reached skill level 11 in Staves
  6525 | D:10     | Noticed a centaur warrior
  6541 | D:10     | Killed a centaur warrior
  6579 | D:10     | Found a staircase to the Orcish Mines.
  6627 | Orc:1    | Entered Level 1 of the Orcish Mines
  6788 | Orc:2    | Entered Level 2 of the Orcish Mines
  6829 | Orc:2    | Reached skill level 1 in Transmutations
  6841 | Orc:2    | Found a transporter.
  6851 | Orc:2    | Noticed a two-headed ogre
  6851 | Orc:2    | Noticed a two-headed ogre
  6851 | Orc:2    | Noticed Ijustatesigmund's ghost (journeyman GnWz)
  6852 | Orc:2    | Found a transporter.
  6852 | Orc:2    | Noticed a two-headed ogre
  6930 | Orc:1    | Gained mutation: You are somewhat unskilled. (-1 Apt) [Ru
                  | sacrifice]
  6930 | Orc:1    | Reduced skill Staves to level 10
  6930 | Orc:1    | Reduced skill Air Magic to level 5
  6930 | Orc:1    | Reached **** piety under Ru
  6930 | Orc:1    | Reached ***** piety under Ru
  6940 | Orc:1    | Found a roughly hewn altar of Beogh.
  7199 | Orc:2    | Noticed an orc knight
  7213 | Orc:2    | Noticed Nessos
  7308 | Orc:2    | Killed a two-headed ogre
  7308 | Orc:2    | Killed a two-headed ogre
  7308 | Orc:2    | Reached skill level 5 in Transmutations
  7308 | Orc:2    | Killed a two-headed ogre
  7308 | Orc:2    | Reached XP level 12. HP: 103/103 MP: 21/21
  7319 | Orc:2    | Killed Ijustatesigmund's ghost
  7473 | Orc:2    | Found a staircase to the Elven Halls.
  7524 | Orc:2    | Gained mutation: You are frail. (-10% HP) [a neqoxec]
  7525 | Orc:2    | Gained mutation: You have a beak for a mouth. [a neqoxec]
  7692 | Orc:2    | Found Qymnevan's General Store.
  7693 | Orc:2    | Found Tust's Magic Scroll Shoppe.
  7768 | Orc:2    | Killed Nessos
  7939 | Orc:2    | Bought a scroll of noise for 10 gold pieces
  7984 | Orc:2    | Reached skill level 1 in Conjurations
  8175 | Orc:2    | Noticed a sun demon
  8191 | Orc:2    | Killed a sun demon
  8191 | Orc:2    | Reached skill level 5 in Conjurations
  8257 | Orc:2    | Noticed a sun demon
  8266 | Orc:2    | Killed a sun demon
  8266 | Orc:2    | Reached skill level 11 in Staves
  8382 | Orc:2    | Noticed an orc high priest
  8431 | Orc:2    | Killed an orc high priest
  8438 | Orc:2    | Noticed a soul eater
  8488 | Orc:2    | Killed a soul eater
  8490 | Orc:2    | Noticed an orc high priest
  8492 | Orc:2    | Gained mutation: You can use your snake-like lower body to
                  | constrict enemies. [Naga growth]
  8492 | Orc:2    | Reached XP level 13. HP: 78/99 MP: 13/22
  8584 | Orc:2    | Reached skill level 12 in Staves
  8753 | Orc:2    | Found Heireqot's Antique Weapon Shop.
  8753 | Orc:2    | Found Henaruyph's Book Boutique.
  8753 | Orc:2    | Found a one-way gate leading to the halls of Pandemonium.
  8766 | Orc:2    | Bought a book of the Sky for 845 gold pieces
  8771 | Orc:2    | Learned a level 4 spell: Summon Lightning Spire
  8778 | Orc:2    | Learned a level 6 spell: Deflect Missiles
  8980 | D:11     | Found a staircase to the Lair.
  9018 | Lair:1   | Entered Level 1 of the Lair of Beasts
  9106 | Lair:1   | Noticed Joseph
  9107 | Lair:1   | Noticed Joseph
  9107 | Lair:1   | Joseph changed into Joseph the blink frog
  9116 | Lair:1   | Killed Joseph the blink frog
  9116 | Lair:1   | Reached skill level 1 in Summonings
  9136 | Lair:1   | HP: 3/99 [five-headed hydra (15)]
  9142 | Lair:1   | Noticed Sonja
  9149 | Lair:1   | Killed Sonja
  9371 | Lair:1   | Slain by a seven-headed hydra

Vault maps used:
D:1:      dpeg_arrival_castle, minmay_parallelograms, serial_bayou_lake_a
D:2:      uniq_robin, uniq_sigmund
D:3:      chequers_ecumenical_altar_simple, item_on_display_a
D:5:      kennysheep_mini, first_ration, hangedman_decor_clover_reticule,
          uniq_blork_the_orc, uniq_prince_ribbit1, uniq_crazy_yiuf_cottage
D:6:      serial_shops, shop, chequers_serial_rivers_small_b, chequers_arboretum
D:7:      lemuel_temple_firewalk_b
D:8:      lemuel_ratsnest, hangedman_ru_absence, minitemple, grunt_livestock,
          grunt_tough_drop
D:9:      chequers_serial_rivers_large_b, minmay_misc_feat_columns,
          minmay_guarded_unrand_finisher
D:10:     minmay_tree_intersection
D:11:     due_lair_maze_entry_diamond, lab_entry_generic
D:12:     kennysheep_doodads
D:13:     grunt_vaults_entry_fortified
Temple:   dpeg_five_rooms_temple
Lair:1:   uniq_joseph, uniq_sonja
Lair:2:   minmay_swamp_entry_worms, minmay_snake_entry_guardpost_small
Orc:1:    lemuel_statue_altar
Orc:2:    pf_orc_diabolical, gammafunk_ghost_smash, uniq_nessos
Lab:      nicolae_lab_plus, nicolae_lab_checkerboard

Skill      XL: |  1  2  3  4  5  6  7  8  9 10 11 12 13 |
---------------+----------------------------------------+-----
Spellcasting   | 3 7 6 |  6.5
Air Magic      | 4 5 6 5 7 |  7.2
Fighting       | 2 5 |  5.4
Dodging        | 4 3 |  3.6
Staves         | 4 6 10 10 11 12 | 12.3
Stealth        | 5 4 |  4.9
Evocations     | 4 |  4.6
Transmutations | 5 8 |  8.8
Conjurations   | 0 5 |  5.5
Summonings     | 4 |  4.4

Action                   |  1- 3 |  4- 6 |  7- 9 | 10-12 | 13-15 || total
-------------------------+-------+-------+-------+-------+-------++-------
Melee: Unarmed           |     2 |       |       |       |       ||     2
       Short sword       |     2 |       |       |       |       ||     2
       Dagger            |       |     5 |    12 |       |       ||    17
       Quarterstaff      |       |       |   158 |   443 |   146 ||   747
       Peck              |       |       |       |    15 |    27 ||    42
       Constrict         |       |       |       |       |    32 ||    32
Throw: Javelin           |       |       |       |    28 |    13 ||    41
 Cast: Shock             |    36 |    63 |    94 |    28 |       ||   221
       Airstrike         |       |       |    22 |    31 |     3 ||    56
       Irradiate         |       |       |       |     2 |       ||     2
Invok: Sacrifice Resista |       |       |     1 |       |       ||     1
       Draw Out Power    |       |       |       |     9 |    10 ||    19
       Sacrifice Essence |       |       |       |     1 |       ||     1
       Sacrifice Skill   |       |       |       |     1 |       ||     1
       Apocalypse        |       |       |       |     3 |     4 ||     7
 Abil: Spit Poison       |    16 |    23 |    33 |    25 |     2 ||    99
       Evoke Invisibilit |       |       |     2 |    13 |     2 ||    17
Evoke: Wand              |       |     1 |    14 |    13 |    14 ||    42
       Phial of floods   |       |       |       |     2 |     1 ||     3
  Use: Scroll            |       |       |    11 |     6 |     3 ||    20
       Potion            |       |       |     3 |     6 |     1 ||    10
 Stab: Sleeping          |       |       |     1 |     9 |     1 ||    11
       Petrified         |       |       |     5 |       |       ||     5
       Invisible         |       |       |       |    14 |     3 ||    17
       Distracted        |       |       |       |     3 |       ||     3
       Paralysed         |       |       |       |    17 |     7 ||    24
       Confused          |       |       |       |     1 |       ||     1
       Petrifying        |       |       |       |     1 |       ||     1
  Eat: Chunk             |       |     3 |    11 |    19 |     4 ||    37
       Ration            |       |       |     1 |     1 |       ||     2
Armor: Robe              |    19 |     6 |   107 |   130 |    79 ||   341
       Skin              |       |       |    11 |       |       ||    11
Dodge: Dodged            |    38 |    12 |   141 |   220 |    88 ||   499

Table legend:
 A = Non-vault XP
 B = Vault XP
 C = Vault XP percentage of total XP
 D = Non-vault monster count
 E = Vault monster count
 F = Vault count percentage of total count
                 A         B        C        D         E       F
            +---------+---------+-------+---------+---------+-------
      Total |   21029 |   26470 |  55.7 |     278 |      92 |  24.9
            +---------+---------+-------+---------+---------+-------
        D:1 |      12 |       0 |   0.0 |       7 |       0 |   0.0
        D:3 |     203 |       0 |   0.0 |      28 |       0 |   0.0
        D:4 |     257 |       0 |   0.0 |      17 |       0 |   0.0
        D:5 |     190 |     406 |  68.1 |       8 |       3 |  27.3
        D:6 |     816 |       0 |   0.0 |      17 |       0 |   0.0
        D:7 |     377 |       0 |   0.0 |      12 |       0 |   0.0
        D:8 |    1247 |     326 |  20.7 |      20 |       5 |  20.0
        D:9 |     548 |    1483 |  73.0 |      18 |       7 |  28.0
       D:10 |    1609 |       0 |   0.0 |      30 |       0 |   0.0
       D:11 |    4680 |    1253 |  21.1 |      30 |      10 |  25.0
       D:12 |    3212 |       0 |   0.0 |      22 |       0 |   0.0
     Lair:1 |    2480 |    1099 |  30.7 |      11 |       2 |  15.4
     Lair:2 |    2283 |     342 |  13.0 |       7 |       2 |  22.2
      Orc:1 |    1264 |       0 |   0.0 |      35 |       0 |   0.0
      Orc:2 |     803 |   21561 |  96.4 |      15 |      63 |  80.8
        Lab |    1048 |       0 |   0.0 |       1 |       0 |   0.0
            +---------+---------+-------+---------+---------+-------
